 Dungeon Crawl Stone Soup version 0.27.0-1-g7a089689b8 (webtiles) character file.

Game seed: 3624212547830695916

2461 horus123 the Carver (level 9, -7/97 HPs)
             Began as a Demonspawn Gladiator on Aug 12, 2021.
             Was a Follower of Wu Jian.
             Mangled by an orc warrior (12 damage)
             ... in a bailey.
             The game lasted 00:24:20 (9312 turns).

horus123 the Carver (Demonspawn Gladiator)          Turns: 9312, Time: 00:24:20

Health: -7/97      AC: 17    Str: 17    XL:     9   Next: 26%
Magic:  9/9        EV:  8    Int: 10    God:    Wu Jian [*.....]
Gold:   404        SH:  4    Dex: 15    Spells: 8/8 levels left

rFire    . . .     SeeInvis .   F - +2 long sword (flame)
rCold    . . .     Faith    .   (no shield)
rNeg     . . .     Spirit   .   x - +0 chain mail {rPois}
rPois    +         Reflect  .   z - +2 helmet
rElec    .         Harm     .   l - +0 cloak
rCorr    .         Rampage  .   h - +0 pair of gloves
Will     +....                  u - +0 pair of boots
Stlth    ..........             k - amulet of the acrobat
HPRegen  0.26/turn              A - +4 ring of slaying
MPRegen  0.11/turn              o - ring of willpower

@: berserking, very quick
A: hooves 2, foul stench 2, condensation shield
a: Renounce Religion


You were in a bailey.
You worshipped Wu Jian.
Wu Jian was aware of your devotion.
You visited 2 branches of the dungeon, and saw 8 of its levels.
You also visited: Sewer and Bailey.

You collected 404 gold pieces.

Inventory:

Hand Weapons
 a - a +0 long sword of draining
 F - a +2 long sword of flaming (weapon)
 J - the +12 spear of Law {freeze, rN+}
   (You found it on level 7 of the Dungeon)

   It freezes those it strikes, dealing additional cold damage.
   It can also slow down cold-blooded creatures.
   rN:        It protects you from negative energy.
Missiles
 j - 34 poisoned darts
 E - a throwing net (quivered)
Armour
 c - a +0 helmet
 f - a +0 plate armour
 h - a +0 pair of gloves (worn)
 l - a +0 cloak (worn)
 u - a +0 pair of boots (worn)
 x - a +0 chain mail of poison resistance (worn)
 z - a +2 helmet (worn)
Jewellery
 g - an amulet of regeneration
 k - an amulet of the acrobat (around neck)
 o - a ring of willpower (right hand)
 v - a +6 ring of intelligence
 w - a ring of protection from fire
 y - a ring of resist corrosion
 A - a +4 ring of slaying (left hand)
 G - a +6 ring of intelligence
Wands
 t - a wand of digging (4)
Scrolls
 e - 5 scrolls of teleportation
 D - a scroll of brand weapon
 H - a scroll of amnesia
Potions
 b - a potion of invisibility {unknown}
 i - 2 potions of flight
 m - 2 potions of haste
 n - a potion of mutation
 p - a potion of brilliance {unknown}
 q - 3 potions of might
 r - a potion of cancellation {unknown}
 s - 2 potions of magic
 B - 2 potions of lignification {unknown}
 I - a potion of curing
 K - 3 potions of attraction {unknown}


   Skills:
 + Level 3.6 Fighting
 * Level 8.5 Long Blades
 * Level 0.7 Polearms
 + Level 1.9 Throwing
 * Level 6.6 Armour
 + Level 3.4 Dodging
 + Level 1.1 Stealth
 + Level 1.5 Shields


You had 8 spell levels left.
You didn't know any spells.
Your spell library contained the following spells:

 Spells                   Type           Power      Damage    Failure   Level
 Corpse Rot               Necr/Air       N/A        N/A       100%        2
 Poisonous Vapours        Pois/Air       0%         N/A       100%        2
 Slow                     Hex            0%         N/A       100%        2
 Confusing Touch          Hex            0%         N/A       100%        3
 Ozocubu's Armour         Ice            0%         N/A       100%        3
 Summon Guardian Golem    Hex/Summ       0%         N/A       100%        3
 Vampiric Draining        Necr           0%         2d6       100%        3
 Freezing Cloud           Conj/Ice/Air   0%         6-21      100%        5
 Orb of Destruction       Conj           0%         N/A       100%        7
 Ozocubu's Refrigeration  Ice            0%         4d5       100%        7
 Spellforged Servitor     Conj/Summ      0%         N/A       100%        7


Dungeon Overview and Level Annotations

Branches:
Dungeon (7/15)             Temple (1/1) D:4           Sewer (visited)
 Bailey (1/1)

Altars:
Ashenzari
Cheibriados
Elyvilon
Fedhas
Gozag
Hepliaklqana
Kikubaaqudgha
Nemelex Xobeh
Okawaru
Qazlal
Ru
Trog
Vehumet
Wu Jian
Xom
Yredelemnul
Zin
The Shining One

Shops:
D:3 (


Innate Abilities, Weirdness & Mutations

You have hoof-like feet.
You sometimes emit foul miasma when damaged in melee.
A meltable shield of frost defends you. (SH +4)


Message History

The orc warrior hits you from afar with a +0 spear!
* * * LOW HITPOINT WARNING * * *
The orc hits you from afar with a +0 spear.
* * * LOW HITPOINT WARNING * * *
The orc barely misses you.
You slash the orc! You burn the orc.
You kill the orc!
The Council accepts your kill.
The orc warrior hits you from afar with a +0 spear.
* * * LOW HITPOINT WARNING * * *
The orc hits you from afar with a +0 spear.
* * * LOW HITPOINT WARNING * * *
The orc closely misses you. The orc hits you but does no damage.
You feel better.
The orc warrior hits you but does no damage.
The orc hits you but does no damage. You block the orc's attack.
The orc warrior hits you from afar with a +0 halberd.
* * * LOW HITPOINT WARNING * * *
The orc barely misses you. The orc hits you but does no damage.
The orc closely misses you. x2
There is an open door here.
The orc hits you but does no damage.
A red film seems to cover your vision as you go berserk!
You feel yourself moving faster!
You feel mighty!
The orc warrior hits you from afar with a +0 spear!
* * * LOW HITPOINT WARNING * * *
You lunge at the orc warrior.
You slice the orc warrior!! You burn the orc warrior.
You kill the orc warrior!
The Council accepts your kill. The orc hits you but does no damage.
The orc misses you.
You lunge at the orc warrior.
You barely miss the orc warrior.
The orc warrior is heavily wounded.
The orc barely misses you. The orc hits you but does no damage.
There is an open door, spattered with blood here.
You see here a +0 spear.
You hit the orc warrior. You burn the orc warrior.
The orc warrior is almost dead.
The orc warrior hits you with a +0 halberd!
You die...

########### #######
.∩........## ##.....##
...).......######o.)....#
..)))......#....#oo.....+
...))).....'....@oo.....+
..)).).....#....#o).....+
.....).....######.......#
.∩..).....## ##.....##
########### #######


You could see an orc warrior and 5 orcs.

Vanquished Creatures
  Duvessa (D:4)
  2 orc warriors (Bailey)
  2 ice beasts (D:6)
  A sky beast (D:5)
  3 ogres
  2 kobold brigands
  A bullfrog (D:6)
  Dowan (D:4)
  2 scorpions
  2 water moccasin skeletons
  A wyvern skeleton (D:7)
  2 howler monkeys
  A gnoll shaman (D:5)
  3 orc priests
  Crazy Yiuf (D:7)
  4 hounds
  3 jellies (D:5)
  2 centaur skeletons (D:7)
  7 iguanas
  2 orc wizards
  A hound zombie (D:5)
  A hound skeleton (D:4)
  A howler monkey zombie (D:5)
  5 adders
  4 gnolls (D:5)
  7 river rats (Sewer)
  An adder skeleton (D:4)
  4 worms
  4 dart slugs
  24 orcs
  9 endoplasms
  8 giant cockroaches
  5 goblins (D:2)
  4 hobgoblins
  24 jackals
  30 kobolds
  5 quokkas
  10 ball pythons
  6 bats
  5 frilled lizards
  26 rats
227 creatures vanquished.

Notes
Turn   | Place    | Note
-------+----------+-------------------------------------------
     0 | D:1      | horus123 the Demonspawn Gladiator began the quest for the
                  | Orb.
     0 | D:1      | Reached XP level 1. HP: 16/16 MP: 1/1
   207 | D:1      | Reached skill level 3 in Long Blades
   268 | D:1      | Gained mutation: You have large cloven feet. [demonic
                  | ancestry]
   268 | D:1      | Reached XP level 2. HP: 22/22 MP: 2/2
  1026 | D:2      | Gained mutation: You may rarely emit foul miasma when
                  | damaged in melee. [demonic ancestry]
  1026 | D:2      | Reached XP level 3. HP: 26/27 MP: 3/3
  1330 | D:2      | Found a faded altar of an unknown god.
  1364 | D:2      | Reached skill level 1 in Armour
  1383 | D:2      | Reached XP level 4. HP: 17/33 MP: 4/4
  2219 | D:2      | Reached skill level 4 in Long Blades
  2563 | D:3      | Found a stormy altar of Qazlal.
  2647 | D:3      | Reached XP level 5. HP: 38/38 MP: 5/5
  3139 | D:3      | Found Wap Huif's Antique Weapon Shoppe.
  3344 | D:4      | Found a glowing drain.
  3370 | Sewer    | Entered a sewer
  3888 | Sewer    | Reached XP level 6. HP: 46/46 MP: 6/6
  4419 | Sewer    | Reached skill level 5 in Long Blades
  4880 | D:4      | Noticed Duvessa
  4880 | D:4      | Noticed Dowan
  4924 | D:4      | HP: 2/46 [orc priest/divine providence (13)]
  4932 | D:4      | Gained mutation: You sometimes emit foul miasma when
                  | damaged in melee. [demonic ancestry]
  4932 | D:4      | Reached XP level 7. HP: 32/51 MP: 7/7
  5132 | D:4      | Found a staircase to the Ecumenical Temple.
  5143 | Temple   | Entered the Ecumenical Temple
  5394 | Temple   | Became a worshipper of the Wu Jian Council
  5418 | D:4      | Killed Duvessa
  5429 | D:4      | Killed Dowan
  5960 | D:5      | Entered Level 5 of the Dungeon
  5989 | D:5      | Reached skill level 6 in Long Blades
  6214 | D:5      | Reached skill level 5 in Armour
  6271 | D:5      | Gained mutation: A meltable shield of frost defends you.
                  | (SH +4) [demonic ancestry]
  6271 | D:5      | Reached XP level 8. HP: 17/58 MP: 8/8
  6903 | D:5      | Reached skill level 1 in Stealth
  7758 | D:6      | Reached skill level 7 in Long Blades
  7818 | D:6      | Found a sparkling altar of Nemelex Xobeh.
  7819 | D:6      | Found a basalt altar of Yredelemnul.
  7864 | D:6      | Reached skill level 1 in Shields
  8264 | D:6      | Reached * piety under Wu Jian
  8271 | D:6      | Reached skill level 8 in Long Blades
  8342 | D:6      | Gained mutation: You have hoof-like feet. [demonic
                  | ancestry]
  8342 | D:6      | Reached XP level 9. HP: 62/64 MP: 9/9
  8572 | D:7      | Found a flagged portal.
  8585 | D:7      | Identified the +12 spear of Law {freeze, rN+}
  8617 | D:7      | Found a runed translucent door.
  8618 | D:7      | Noticed Crazy Yiuf
  8673 | D:7      | Killed Crazy Yiuf
  9005 | Bailey   | Entered a bailey
  9312 | Bailey   | Mangled by an orc warrior

Illustrated notes

Levels and vault maps discovered:
D:1:      arrival_zaba_pyramid, layout_basic
D:2:      layout_basic, chequers_ecumenical_altar_simple,
          minmay_increasing_density
D:3:      layout_basic, grunt_qazlal_clouds, serial_shops,
          nicolae_lakefront_shop
D:4:      layout_cave_pools, minmay_temple_entry_purple_smoke,
          cheibrodos_sewer_entry_drain, uniq_duvessa
D:5:      layout_gridville, chequers_avenue, glass_columns_c, st_stairs_8,
          kennysheep_minor_cross
D:6:      layout_cave_pools, minitemple, mainiacjoe_overflow_surrounded_room
D:7:      layout_basic, enter_bailey_2, uniq_crazy_yiuf_cottage
Temple:   minmay_temple_curvy_branch
Bailey:   bailey_polearm_5, bailey

Skill      XL: |  1  2  3  4  5  6  7  8 |
---------------+-------------------------+-----
Long Blades    | 3 4 5 6 8 |  8.5
Dodging        | 3 |  3.4
Armour         | 1 2 3 5 6 |  6.6
Fighting       | 3 |  3.6
Stealth        | 1 |  1.1
Shields        | 1 |  1.5
Polearms       | |  0.7
Throwing       | |  1.9

Action                   |  1- 3 |  4- 6 |  7- 9 || total
-------------------------+-------+-------+-------++-------
Melee: Long sword        |   114 |   299 |   263 ||   676
       Kick              |    34 |    89 |    75 ||   198
       Spear             |       |       |     9 ||     9
Throw: Throwing net      |       |       |     4 ||     4
Invok: Lunge             |       |       |    23 ||    23
       Whirlwind         |       |       |    44 ||    44
  Use: Scroll            |     3 |     7 |     7 ||    17
       Potion            |       |     2 |     6 ||     8
 Stab: Sleeping          |     1 |       |       ||     1
       Held in net/web   |       |       |     1 ||     1
Armor: Leather armour    |    15 |       |       ||    15
       Plate armour      |    87 |   324 |    37 ||   448
       Chain mail        |       |       |   158 ||   158
Dodge: Dodged            |    50 |   159 |   190 ||   399
Block: Other             |       |       |    44 ||    44
       Rpst.: Long sword |    15 |    41 |    27 ||    83
